 Dungeon Crawl Stone Soup version 0.29-a0-2-g12fcac58f8 (webtiles) character file.

Game seed: 16764902796115441138

73880 HallandMoats the Brawler (level 15, -13/126 HPs)
             Began as a Ghoul Monk on Jan 27, 2022.
             Was the Champion of Hepliaklqana.
             Mangled by Rupert (23 damage)
             ... on level 3 of the Lair of Beasts.
             The game lasted 00:37:17 (23404 turns).

HallandMoats the Brawler (Ghoul Monk)              Turns: 23404, Time: 00:37:18

Health: -13/126    AC: 29    Str: 28 (29) XL:     15   Next: 44%
Magic:  23/23      EV:  7    Int:  1 (4)  God:    Hepliaklqana [******]
Gold:   2540       SH: 15    Dex: 11 (14) Spells: 14/14 levels left

rFire   + . .      SeeInvis .     - Unarmed
rCold   + + .      Faith    .   P - +0 kite shield {AC+3}
rNeg    + + +      Spirit   .   O - +1 gold dragon scales
rPois   ∞          Reflect  +   g - +2 helmet
rElec   +          Harm     .   v - +0 cloak {rPois}
rCorr   +          Rampage  .   (no gloves)
Will    ++...                   A - +2 pair of boots
Stlth   ..........              c - amulet of reflection
HPRegen 0.00/turn               L - ring "Mathrof" {rCorr MP+9 Str+7 Int-3 Dex+4}
MPRegen 0.18/turn               o - ring "Rumaz" {rElec rN+ Will+ Str+3 Dex-3}

@: inhibited regen, studying 2 skills
A: reduced essence, claws 1, cold resistance 1, negative energy resistance 3,
inhibited regeneration, torment resistance 2
a: Renounce Religion, Recall Ancestor, Ancestor Identity, Transference, Idealise


You were on level 3 of the Lair of Beasts.
You worshipped Hepliaklqana.
Hepliaklqana was exalted by your worship.
You visited 2 branches of the dungeon, and saw 18 of its levels.
You also visited: Bailey and Gauntlet.

You collected 2540 gold pieces.

Inventory:

Hand Weapons
 b - the +6 trident of Diefeul {drain, SInv}
   (You took it off a spriggan on level 9 of the Dungeon)

   A truly terrible weapon, it drains the life of any living foe it strikes.
   SInv:      It lets you see invisible.
 N - a +1 broad axe of flaming
 S - a +1 broad axe of draining
Missiles
 V - 3 throwing nets
Armour
 g - a +2 helmet (worn)
 v - a +0 cloak of poison resistance (worn)
 A - a +2 pair of boots (worn)
 C - +1 fire dragon scales
 O - +1 gold dragon scales (worn)
 P - a +0 kite shield of protection (worn)
 T - an orb of light
Jewellery
 c - an amulet of reflection (around neck)
 l - the ring "Ypaebb" {rPois rC+ Will- Str+6 Dex+4}
   (You found it on level 3 of the Dungeon)

   [ring of strength]

   Str:       It affects your strength (+6).
   Dex:       It affects your dexterity (+4).
   rC:        It protects you from cold.
   rPois:     It protects you from poison.
   Will:      It decreases your willpower.
 o - the ring "Rumaz" (right claw) {rElec rN+ Will+ Str+3 Dex-3}
   (You took it off a minotaur in a Gauntlet)

   [ring of positive energy]

   Str:       It affects your strength (+3).
   Dex:       It affects your dexterity (-3).
   rElec:     It insulates you from electricity.
   rN:        It protects you from negative energy.
   Will:      It increases your willpower.
 z - the ring "Kemonkon" {rPois rN++ Will- rCorr SInv}
   (You found it on level 3 of the Lair of Beasts)

   [ring of resist corrosion]

   rPois:     It protects you from poison.
   rN:        It greatly protects you from negative energy.
   SInv:      It lets you see invisible.
   rCorr:     It protects you from acid and corrosion.
   Will:      It decreases your willpower.
 L - the ring "Mathrof" (left claw) {rCorr MP+9 Str+7 Int-3 Dex+4}
   (You found it on level 10 of the Dungeon)

   [ring of magical power]

   Str:       It affects your strength (+7).
   Int:       It affects your intelligence (-3).
   Dex:       It affects your dexterity (+4).
   MP:        It affects your magic capacity (+9).
   rCorr:     It protects you from acid and corrosion.
 M - the ring "Zaggirocw" {rF- rC+ rN+ Will+ SInv}
   (You found it in a Gauntlet)

   [ring of see invisible]

   rF:        It makes you vulnerable to fire.
   rC:        It protects you from cold.
   rN:        It protects you from negative energy.
   SInv:      It lets you see invisible.
   Will:      It increases your willpower.
 W - an amulet of guardian spirit
Wands
 w - a wand of iceblast (11)
 y - a wand of digging (9)
 J - a wand of acid (1)
Scrolls
 a - 6 scrolls of teleportation
 e - a scroll of fear {unknown}
 f - a scroll of enchant weapon
 i - 3 scrolls of magic mapping
 m - 3 scrolls of immolation
 p - 2 scrolls of amnesia {unknown}
 q - 4 scrolls of blinking
 s - a scroll of silence
 t - 2 scrolls of enchant armour
 u - a scroll of holy word {unknown}
 B - 2 scrolls of identify
 E - 2 scrolls of fog {unknown}
 H - a scroll of torment {unknown}
 I - a scroll of vulnerability {unknown}
Potions
 d - 3 potions of curing {unknown}
 h - 2 potions of berserk rage {unknown}
 j - 4 potions of degeneration
 k - a potion of cancellation {unknown}
 n - 4 potions of haste {unknown}
 r - 4 potions of heal wounds (quivered)
 x - 2 potions of might {unknown}
 D - 2 potions of brilliance {unknown}
 F - a potion of magic {unknown}
 G - a potion of flight {unknown}
 K - 2 potions of invisibility {unknown}
 Q - a potion of ambrosia {unknown}
Miscellaneous
 R - a phantom mirror
 U - a piece from Xom's chessboard (15/15)


   Skills:
 + Level 15.1 Fighting
 + Level 10.0 Armour
 + Level 10.4 Dodging
 - Level 2.1 Stealth
 * Level 9.1 Shields
 * Level 19.5 Unarmed Combat


You had 14 spell levels left.
You didn't know any spells.
Your spell library contained the following spells:

 Spells                   Type           Power      Damage    Failure   Level
 Animate Skeleton         Necr           0%         N/A       100%        1
 Apportation              Tloc           0%         N/A       100%        1
 Foxfire                  Conj/Fire      0%         2x1d4     100%        1
 Magic Dart               Conj           0%         1d3       100%        1
 Sting                    Tmut/Pois      0%         1d3       100%        1
 Summon Small Mammal      Summ           0%         N/A       100%        1
 Call Imp                 Summ           0%         N/A       100%        2
 Poisonous Vapours        Pois/Air       0%         N/A       100%        2
 Searing Ray              Conj           0%         2d4       100%        2
 Static Discharge         Conj/Air       0%         N/A       100%        2
 Conjure Flame            Conj/Fire      0%         6-21      100%        3
 Ignite Poison            Fire/Tmut/Pois 0%         N/A       100%        3
 Inner Flame              Hex/Fire       0%         N/A       100%        3
 Mephitic Cloud           Conj/Pois/Air  0%         N/A       100%        3
 Summon Guardian Golem    Hex/Summ       0%         N/A       100%        3
 Flame Wave               Conj/Fire      0%         2d4       100%        4
 Fulminant Prism          Conj/Hex       0%         3d6       100%        4
 Iskenderun's Mystic Bla  Conj/Tloc      0%         2d3       100%        4
 Olgreb's Toxic Radiance  Pois           0%         N/A       100%        4
 Petrify                  Tmut/Erth      0%         N/A       100%        4
 Sticky Flame             Conj/Fire      0%         2d3       100%        4
 Summon Lightning Spire   Summ/Air       0%         N/A       100%        4
 Irradiate                Conj/Tmut      0%         3d13      100%        5
 Lee's Rapid Deconstruct  Erth           0%         3d5*      100%        5
 Lightning Bolt           Conj/Air       0%         1d11      100%        5
 Summon Forest            Summ/Tloc      0%         N/A       100%        5
 Eringya's Noxious Bog    Tmut/Pois      0%         N/A       100%        6
 Orb of Destruction       Conj           0%         9d5       100%        7
 Spellforged Servitor     Conj/Summ      0%         N/A       100%        7
 Summon Hydra             Summ           0%         N/A       100%        7
 Maxwell's Capacitive Co  Air            0%         ∞         100%        8
 Beastly Appendage        Tmut           Unusable   N/A       N/A         1
 Sublimation of Blood     Necr           Unusable   N/A       N/A         2
 Wereblood                Tmut           Unusable   N/A       N/A         2
 Spider Form              Tmut/Pois      Unusable   N/A       N/A         3
 Storm Form               Tmut/Air       Unusable   N/A       N/A         7

Dungeon Overview and Level Annotations

Branches:
Dungeon (15/15)            Temple (0/1) D:4            Lair (3/6) D:10
 Shoals (0/4) Lair:3          Orc (0/2) D:9          Vaults (0/5) D:13
 Depths (0/4) D:15         Bailey (visited)         Gauntlet (visited)
  Snake: Lair:2-4    Spider: Lair:2-4

Altars:
Elyvilon
Hepliaklqana
Okawaru
Ru
Yredelemnul
Beogh

Shops:
D:1 !:   D:3 [   D:6 *   D:9 *

Portals:
Trove: D:13 (give +7 demon blade)

Annotations:
D:9 Shayle's ghost, novice DjWr
Lair:3 Rupert


Innate Abilities, Weirdness & Mutations

Your life essence is reduced to manifest your ancestor. (-10% HP)
You thrive by killing the living.
You are immune to poison.
You have sharp fingernails.
Your flesh is cold resistant. (rC+)
You are immune to negative energy. (rN+++)
You do not regenerate when monsters are visible.
You are immune to unholy pain and torment.


Message History

Hori hits the bullfrog with a +0 dagger of draining!
The bullfrog dies!
You claw the plant!
The plant begins to die.
The plant is lightly damaged.
Rupert hits you with a +2 great sword of holy wrath!
You convulse!
Hori hits the plant with a +0 dagger of draining!
Hori drains the plant.
You barely miss the plant.
The plant is lightly damaged.
Rupert roars madly and goes into a rage!
Rupert goes berserk!
Hori hits the plant with a +0 dagger of draining.
Hori drains the plant.
You scratch the plant.
The plant is lightly damaged.
Rupert hits you but does no damage.
The water moccasin bites you but does no damage.
Rupert hits you with a +2 great sword of holy wrath!!
You convulse!!
You mangle Hori!!
Hori is moderately damaged.
The water moccasin bites you but does no damage.
Hori hits the plant with a +0 dagger of draining!
Rupert hits you with a +2 great sword of holy wrath!!
* * * LOW HITPOINT WARNING * * *
You convulse!!
* * * LOW HITPOINT WARNING * * *
You are too confused!
Unknown command.
Unknown command.
Unknown command.
Unknown command.
You mangle the plant!!
The plant is lightly damaged.
You feel less confused. The water moccasin barely misses you.
Hori hits the plant with a +0 dagger of draining!
Rupert hits you with a +2 great sword of holy wrath!!
You die...

.## ..## .....PP.P......
...# .<..P...........
..## ......P...>.PP..
..## .....P.P....P...
...# .......P..PP...
..#^..............PP...P
..+.###.###+#.P@PS....P.
..### #)...P@)...P.# #.#
#####...R.!...^# ###
####.#..+..#####..# .###
#.#...#...P..# .
...###............# .
..#.#..#.#.......###....
..#....#..##.P.#.')P....
....###........#.#..+...
....#####....#...##.#


You could see the friendly Hori the hexer, Rupert (berserk) and a water
moccasin.

Vanquished Creatures
  Jorgrun (D:15)
  The ghost of issech the Spear-Bearer, a journeyman TrMo of Hepliaklqana (Lair:1)
  A minotaur (Gauntlet)
  An ettin (D:13)
  Snorg (D:13)
  A quicksilver dragon zombie (D:15)
  A yaktaur captain (D:13)
  Harold (Lair:1)
  Fannar (Lair:2)
  2 boulder beetles (D:13)
  An ogre mage (D:10)
  12 centaur warriors
  3 hydras
  A death knight (D:15)
  9 two-headed ogres
  A deep troll earth mage (D:13)
  2 tengu warriors (D:13)
  A vampire mage (D:15)
  A fire crab (shapeshifter) (D:13)
  A sea snake (shapeshifter) (D:15)
  5 deep elf pyromancers
  Pikel (D:5)
  A flayed ghost (D:13)
  A necromancer (D:15)
  A frost giant zombie (D:15)
  A fire giant zombie (D:15)
  10 cyclopes
  2 manticores (D:13)
  7 ugly things
  5 elephants (Lair:2)
  A black mamba (Lair:1)
  A gargoyle (D:12)
  A cane toad (shapeshifter) (D:14)
  A cane toad (Lair:1)
  An efreet (D:15)
  An unseen horror (D:14)
  A kobold demonologist (D:10)
  3 large abominations (Gauntlet)
  A freezing wraith (D:14)
  A rime drake (Lair:3)
  A guardian mummy (D:15)
  2 trolls
  2 tengu conjurers (D:13)
  A hornet (D:13)
  18 slime creatures
  10 blink frogs
  A shadow (D:7)
  6 small abominations (Gauntlet)
  2 spriggans (shapeshifter)
  2 wyverns
  7 wraiths
  Sigmund (D:6)
  7 spriggans
  A vampire (D:12)
  30 yaks
  A steam dragon (D:9)
  A vampire mosquito (D:10)
  Menkaure (D:6)
  3 acid dragons
  3 water moccasins
  2 black bears
  9 orc warriors
  2 ice beasts
  A necrophage (D:7)
  7 ogres
  A boggart (D:13)
  A wolf (D:9)
  13 centaurs
  A phantom (D:5)
  A kobold brigand (D:9)
  2 bullfrogs
  2 scorpions
  A wyvern zombie (D:8)
  2 gnoll sergeants
  A water moccasin skeleton (D:5)
  The ghost of ThrustWizard the Archer, a weakling GnHu of Qazlal (D:3)
  5 spriggan skeletons (D:14)
  A troll skeleton (D:14)
  2 howler monkeys (D:10)
  An electric eel (Lair:1)
  4 centaur zombies
  2 hounds
  2 bullfrog skeletons
  A jelly (D:5)
  3 gnoll shamans
  11 orc priests
  2 iguanas
  12 orc wizards
  3 howler monkey zombies
  Robin (D:2)
  6 adders
  16 gnolls
  A white imp (D:5)
  An ufetubus (D:7)
  2 adder skeletons (D:4)
  4 worms
  5 dart slugs
  55 orcs
  7 ball pythons
  8 bats
  4 endoplasms
  6 giant cockroaches
  8 goblins
  8 hobgoblins
  8 jackals
  7 quokkas
  3 frilled lizards
  14 kobolds
  3 rats
452 creatures vanquished.

Vanquished Creatures (collateral kills)
  A fire dragon (D:13)
  A boulder beetle (D:14)
  A hydra (Lair:2)
  The ghost of DarkBird the Geomancer, a journeyman DrEE of Jiyva (Lair:1)
  2 skeletal warriors
  An orc knight (D:10)
  An ugly thing (D:15)
  An elephant (Lair:2)
  An unseen horror (D:13)
  A freezing wraith (D:15)
  2 komodo dragons
  A troll (D:12)
  A blink frog (Lair:1)
  2 slime creatures
  A spriggan zombie (D:15)
  3 yaks
  4 spriggans (Bailey)
  A water moccasin (Lair:1)
  An orc warrior (D:12)
  2 ogres
  A bullfrog (Lair:3)
  A howler monkey (D:11)
  A hound (D:6)
  An orc priest (D:9)
  Ijyb (D:5)
  An iguana (D:6)
  A scorpion zombie (D:5)
  4 orc wizards
  A hound skeleton (D:5)
  3 gnolls
  An adder (D:4)
  A worm (D:6)
  A dart slug (D:3)
  9 orcs
  A goblin (D:3)
  A hobgoblin (D:3)
  2 jackals (D:4)
  A kobold (D:3)
61 creatures vanquished.

Vanquished Creatures (others)
  An orc wizard (D:10)
  9 hexers
  An orc (D:9)
  3 fungi
  20 plants
  4 withered plants (D:15)
38 creatures vanquished.

Grand Total: 551 creatures vanquished

Notes
Turn   | Place    | Note
-------+----------+-------------------------------------------
     0 | D:1      | HallandMoats the Ghoul Monk began the quest for the Orb.
     0 | D:1      | Reached XP level 1. HP: 19/19 MP: 0/0
    56 | D:1      | Reached XP level 2. HP: 20/26 MP: 1/1
   421 | D:1      | Reached XP level 3. HP: 29/33 MP: 2/2
   594 | D:1      | Found Ocylow's Distillery.
   610 | D:1      | Found Saggarufo's Book Shop.
  1107 | D:2      | Reached skill level 1 in Armour
  1115 | D:2      | Reached skill level 4 in Unarmed Combat
  1139 | D:2      | Reached XP level 4. HP: 38/40 MP: 3/3
  1157 | D:2      | Found a basalt altar of Yredelemnul.
  1441 | D:2      | You fall into a shaft and drop 2 floors!
  1585 | D:2      | Found a faded altar of an unknown god.
  1642 | D:2      | Noticed Robin
  1662 | D:2      | Killed Robin
  1667 | D:2      | Reached XP level 5. HP: 28/47 MP: 4/4
  2118 | D:2      | Prayed at the altar of an unknown god.
  2118 | D:2      | Became a worshipper of Hepliaklqana the Forgotten
  2118 | D:2      | Reached * piety under Hepliaklqana
  2118 | D:2      | Reached ** piety under Hepliaklqana
  2119 | D:2      | Remembered your ancestor Hori as a hexer
  2251 | D:3      | Identified the ring "Ypaebb" {rPois rC+ Will- Str+6 Dex+4}
  2294 | D:3      | Reached *** piety under Hepliaklqana
  2367 | D:3      | Found Wolec's Antique Armour Shop.
  2407 | D:3      | Found a runed translucent gate.
  2408 | D:3      | Found a runed translucent gate.
  2408 | D:3      | Noticed ThrustWizard's ghost (weakling GnHu)
  2410 | D:3      | Found a runed translucent gate.
  2853 | D:3      | Killed ThrustWizard's ghost
  3256 | D:4      | Reached XP level 6. HP: 49/49 MP: 5/5
  3338 | D:4      | Reached skill level 5 in Fighting
  3338 | D:4      | Reached skill level 5 in Unarmed Combat
  3386 | D:4      | Found a staircase to the Ecumenical Temple.
  3525 | D:4      | Noticed a black bear
  3532 | D:4      | Killed a black bear
  4177 | D:4      | Reached **** piety under Hepliaklqana
  4407 | D:5      | Entered Level 5 of the Dungeon
  4419 | D:5      | Reached XP level 7. HP: 52/54 MP: 6/6
  4670 | D:5      | Noticed Ijyb
  4694 | D:5      | Killed Ijyb
  4703 | D:5      | Reached skill level 6 in Unarmed Combat
  4890 | D:5      | Noticed Pikel
  4910 | D:5      | Killed Pikel
  4911 | D:5      | Reached skill level 7 in Unarmed Combat
  4911 | D:5      | Reached XP level 8. HP: 63/63 MP: 7/7
  5333 | D:6      | Noticed Menkaure
  5342 | D:6      | Killed Menkaure
  5688 | D:6      | Noticed a two-headed ogre
  5698 | D:6      | Killed a two-headed ogre
  5699 | D:6      | Reached skill level 5 in Dodging
  5699 | D:6      | Reached skill level 8 in Unarmed Combat
  5699 | D:6      | Reached XP level 9. HP: 11/73 MP: 8/8
  6001 | D:6      | Noticed Sigmund
  6011 | D:6      | Killed Sigmund
  6022 | D:6      | Identified the +1 robe of Hethraoxt {rC+ SInv}
  6152 | D:6      | Reached ***** piety under Hepliaklqana
  6182 | D:6      | Found Ogent's General Store.
  6269 | D:6      | Reached skill level 9 in Unarmed Combat
  6635 | D:7      | Found a flagged portal.
  6647 | Bailey   | Entered a bailey
  6857 | Bailey   | Reached XP level 10. HP: 74/81 MP: 9/9
  6867 | Bailey   | Reached skill level 5 in Armour
  7099 | Bailey   | Reached skill level 10 in Fighting
  7099 | Bailey   | Reached skill level 10 in Unarmed Combat
  7213 | Bailey   | Noticed a two-headed ogre
  7228 | Bailey   | Killed a two-headed ogre
  7388 | Bailey   | Identified a scroll of acquirement
  7403 | Bailey   | Acquired 1298 gold pieces
  7553 | D:7      | Noticed a deep elf pyromancer
  7568 | D:7      | Killed a deep elf pyromancer
  7759 | D:7      | Found a transporter.
  7772 | D:7      | Found a transporter.
  7899 | D:7      | Found an iron altar of Okawaru.
  8281 | D:7      | Reached XP level 11. HP: 26/90 MP: 10/10
  8289 | D:7      | Reached skill level 11 in Unarmed Combat
  8705 | D:8      | Noticed a cyan ugly thing
  8713 | D:8      | Killed a cyan ugly thing
  8714 | D:8      | Noticed a centaur warrior
  8777 | D:8      | Killed a centaur warrior
  9754 | D:9      | Found a runed translucent door.
  9757 | D:9      | Noticed Shayle's ghost (novice DjWr)
  9759 | D:9      | Identified the +6 trident of Diefeul {drain, SInv}
  9778 | D:9      | Found Aragg's Mass Market.
  9911 | D:9      | Reached skill level 12 in Unarmed Combat
 10291 | D:9      | Found a staircase to the Orcish Mines.
 10328 | D:9      | Reached ****** piety under Hepliaklqana
 10773 | D:10     | Entered Level 10 of the Dungeon
 10804 | D:10     | Found a staircase to the Lair.
 11124 | D:10     | Noticed a two-headed ogre
 11130 | D:10     | Noticed an ogre mage
 11142 | D:10     | Killed a two-headed ogre
 11143 | D:10     | Reached XP level 12. HP: 90/101 MP: 11/11
 11538 | D:10     | Killed an ogre mage
 11558 | D:10     | Reached skill level 13 in Unarmed Combat
 11621 | D:10     | Identified the ring "Mathrof" {rCorr MP+9 Str+7 Int-3
                  | Dex+4}
 11747 | D:11     | Found a gate leading to a gauntlet.
 11756 | Gauntlet | Entered a Gauntlet
 11756 | Gauntlet | Found a transporter.
 11756 | Gauntlet | Found a transporter.
 11769 | Gauntlet | Found a transporter.
 11782 | Gauntlet | Noticed a catoblepas
 11786 | Gauntlet | Found a transporter.
 11786 | Gauntlet | Found a transporter.
 11786 | Gauntlet | Found a transporter.
 11788 | Gauntlet | Found a transporter.
 11788 | Gauntlet | Found a transporter.
 11798 | Gauntlet | Noticed a thrashing horror
 11801 | Gauntlet | Found a transporter.
 11814 | Gauntlet | Noticed a dire elephant
 11817 | Gauntlet | Found a transporter.
 11827 | Gauntlet | Found a transporter.
 11843 | Gauntlet | Found a transporter.
 11863 | Gauntlet | Found a transporter.
 11863 | Gauntlet | Found the macabre finger necklace {rN+}
 11880 | Gauntlet | Found a transporter.
 12120 | Gauntlet | Identified the ring "Zaggirocw" {rF- rC+ rN+ Will+ SInv}
 12280 | Gauntlet | Identified the ring of Pevybe {rN+ Str+5}
 12477 | Gauntlet | Identified the ring "Rumaz" {rElec rN+ Will+ Str+3 Dex-3}
 12477 | Gauntlet | Noticed a minotaur
 12503 | Gauntlet | HP: 3/103 [minotaur (6)]
 12505 | Gauntlet | Killed a minotaur
 12988 | D:11     | Noticed a two-headed ogre
 12996 | D:11     | Noticed a two-headed ogre
 13002 | D:11     | Killed a two-headed ogre
 13003 | D:11     | Reached skill level 1 in Shields
 13006 | D:11     | Noticed a six-headed hydra
 13229 | D:10     | Killed a six-headed hydra
 13343 | D:11     | Killed a two-headed ogre
 13354 | D:11     | Noticed a two-headed ogre
 13361 | D:11     | Killed a two-headed ogre
 13362 | D:11     | Reached skill level 14 in Unarmed Combat
 14021 | D:12     | Reached XP level 13. HP: 103/109 MP: 12/12
 14251 | D:12     | Found a sacrificial altar of Ru.
 14994 | D:12     | Reached skill level 15 in Unarmed Combat
 15094 | D:13     | Found a portal to a secret trove of treasure.
 15648 | D:13     | Reached skill level 5 in Shields
 15777 | D:13     | Reached skill level 16 in Unarmed Combat
 16614 | D:13     | Reached XP level 14. HP: 111/118 MP: 13/13
 16700 | D:13     | Reached skill level 17 in Unarmed Combat
 17409 | D:13     | Noticed Snorg
 17417 | D:13     | Killed Snorg
 17441 | D:13     | Found a gate to the Vaults.
 19068 | D:14     | Reached skill level 18 in Unarmed Combat
 19311 | D:15     | Entered Level 15 of the Dungeon
 19638 | D:15     | Noticed Jorgrun
 19644 | D:15     | Reached skill level 10 in Dodging
 19659 | D:15     | Killed Jorgrun
 20059 | D:15     | Found a staircase to the Depths.
 20070 | D:15     | Reached XP level 15. HP: 85/125 MP: 14/14
 20845 | Lair:1   | Entered Level 1 of the Lair of Beasts
 20913 | Lair:1   | Noticed Harold
 20924 | Lair:1   | Killed Harold
 21042 | Lair:1   | Reached skill level 19 in Unarmed Combat
 21048 | Lair:1   | You fall into a shaft and drop 1 floor!
 21095 | Lair:2   | Noticed Fannar
 21102 | Lair:2   | Killed Fannar
 21239 | Lair:1   | Reached skill level 15 in Fighting
 21329 | Lair:1   | Found a runed translucent gate.
 21329 | Lair:1   | Found a runed translucent gate.
 21329 | Lair:1   | Found a runed translucent gate.
 21330 | Lair:1   | Noticed DarkBird's ghost (journeyman DrEE)
 21331 | Lair:1   | Noticed issech's ghost (journeyman TrMo)
 21786 | Lair:1   | Killed issech's ghost
 21790 | Lair:1   | Killed DarkBird's ghost
 23350 | Lair:3   | Identified the ring "Kemonkon" {rPois rN++ Will- rCorr
                  | SInv}
 23385 | Lair:3   | Found a staircase to the Shoals.
 23388 | Lair:3   | Noticed Rupert
 23391 | Lair:3   | Reached skill level 10 in Armour
 23404 | Lair:3   | Mangled by Rupert

Illustrated notes

Levels and vault maps discovered:
D:1:      giann_forest_graveyard, layout_loops_ring, serial_shops, shop,
          nicolae_shop_advertising_works [nicolae_subvault_shop_adworks]
D:2:      layout_basic, basic_altar, dilly_ecumenical_altar_fadedgnrine,
          uniq_robin
D:3:      wad_pebble_path, layout_basic, biasface_ghost_orc_armoury,
          serial_shops, nicolae_shop_behind_doors
D:4:      minmay_general_purpose_star, layout_layer_cave,
          minmay_temple_entry_slanted
D:5:      layout_loops_ring, mainiacjoe_overflow_24_doors, uniq_ijyb, uniq_pikel
D:6:      layout_cave_pools, serial_shops, nicolae_shop_hallway_stairs,
          cheibrodos_sewer_entry_bend, nicolae_concentric_dashed_squares_wild,
          nrook_mini_backslash, kennysheep_generic_room_9, uniq_menkaure,
          uniq_sigmund
D:7:      gammafunk_beogh_shrine, layout_rooms, lemuel_crystal_altar,
          enter_bailey_6, minmay_hedge_maze, minmay_manual_mullet
D:8:      layout_basic, special_room [special_room_orc], kb_rosetta
D:9:      layout_basic, orc_0_dummy, ebering_ghost_funeral_grove,
          minmay_shop_mass
D:10:     layout_rooms, lair_entry_dummy, minmay_pinched_square
D:11:     layout_cross, gauntlet_entry_generic, bh_walls_and_bars
D:12:     layout_roguey, kennysheep_big_empty_room, minivault_27,
          nicolae_ru_the_path_less_chosen
D:13:     kennysheep_snake, layout_rooms, david_vaults_4,
          nicolae_trove_entry_crossroad, serial_curves, eino_curves_03,
          eino_curves_01, uniq_snorg
D:14:     layout_loops_corners, elyvilon_altar_1, hangedman_tell_no_tales
D:15:     gammafunk_depths_entry_grave, layout_cave_pools, corexii_corridor_pit,
          uniq_jorgrun
Lair:1:   layout_hall_layers, gammafunk_ghost_cemetery, serial_bayou_lake_a,
          lemuel_fruit_fields, serial_bayou_shore_b, uniq_harold
Lair:2:   layout_layer_cave, uniq_fannar
Lair:3:   layout_roguey, minmay_shoals_entry_centaurs,
          minmay_snake_entry_six_corridors, basic_altar, uniq_rupert

Skill      XL: |  1  2  3  4  5  6  7  8  9 10 11 12 13 14 15 |
---------------+----------------------------------------------+-----
Dodging        | 3 4 5 6 7 8 9 10 | 10.4
Fighting       | 4 5 6 8 9 10 12 13 14 15 | 15.1
Armour         | 1 2 3 4 5 7 8 9 10 | 10.0
Unarmed Combat | 4 5 7 8 9 10 12 14 16 18 19 | 19.5
Shields        | 3 6 8 9 |  9.1
Stealth        | |  2.1

Action                   |  1- 3 |  4- 6 |  7- 9 | 10-12 | 13-15 || total
-------------------------+-------+-------+-------+-------+-------++-------
Melee: Unarmed           |   113 |   214 |   156 |   548 |   689 ||  1720
       Punch             |     1 |     9 |     9 |    49 |       ||    68
       Trident           |       |       |       |       |     6 ||     6
Invok: Ancestor Life: He |       |     1 |       |       |       ||     1
Evoke: Phantom mirror    |       |       |       |       |     1 ||     1
       Wand              |       |       |       |       |     1 ||     1
  Use: Scroll            |       |       |       |    15 |     2 ||    17
       Potion            |       |       |       |       |     2 ||     2
 Stab: Sleeping          |     2 |     5 |       |       |       ||     7
       Confused          |       |     1 |     7 |     8 |     5 ||    21
       Distracted        |       |     1 |     1 |     5 |    13 ||    20
       Paralysed         |       |       |       |       |     7 ||     7
Armor: Robe              |    11 |       |       |       |       ||    11
       Ring mail         |    11 |    17 |       |       |       ||    28
       Animal skin       |       |    14 |       |       |       ||    14
       Scale mail        |       |    23 |    37 |       |       ||    60
       Fire dragon scale |       |       |     1 |   175 |       ||   176
       Gold dragon scale |       |       |       |    90 |   370 ||   460
Dodge: Dodged            |    74 |   131 |    93 |   342 |   131 ||   771
Block: Kite shield       |       |       |       |    41 |   420 ||   461
       Reflection        |       |       |       |       |    36 ||    36

Table legend: (Time is in decaauts)
 A = Elapsed time spent in this place.
 B = Non-inter-level travel time spent in this place.
 C = Inter-level travel time spent in this place.
 D = Time resting spent in this place.
 E = Time spent auto-exploring this place.
 F = Levels seen in this place.
 G = Mean time per level.
                   A        B        C        D        E       F      G
               +--------+--------+--------+--------+--------+-----+--------+
         Total |  23242 |  21794 |   1448 |   3615 |  13807 |  20 | 1162.1 |
       Dungeon |  19111 |  17779 |   1332 |   2744 |  11618 |  15 | 1274.1 |
          Lair |   2264 |   2149 |    115 |      0 |   1891 |   3 |  754.7 |
        Bailey |    765 |    765 |      0 |    375 |    170 |   1 |  765.0 |
      Gauntlet |   1100 |   1100 |      0 |    496 |    127 |   1 | 1100.0 |
               +--------+--------+--------+--------+--------+-----+--------+

Top non-repeatable levels by time:
    D:13: 2885 daAuts
     D:9: 1549 daAuts
    D:14: 1526 daAuts
     D:7: 1451 daAuts
     D:4: 1423 daAuts
    D:12: 1363 daAuts
     D:6: 1291 daAuts
  Lair:2: 1248 daAuts
Gauntlet: 1100 daAuts
     D:1: 1090 daAuts
     D:2: 1068 daAuts
    D:10: 1036 daAuts
     D:5: 997 daAuts
     D:3: 979 daAuts
     D:8: 965 daAuts
